 Dungeon Crawl Stone Soup version 0.29-a0-870-g2c972031a6 (webtiles) character file.

Game seed: 15653290131853523145

71 RevDB the Cudgeller (level 4, -13/40 HPs)
             Began as a Minotaur Fighter on July 17, 2022.
             Killed from afar by Terence (17 damage)
             ... with a bolt of light
             ... on level 2 of the Dungeon.
             The game lasted 00:05:31 (751 turns).

RevDB the Cudgeller (Minotaur Fighter)               Turns: 751, Time: 00:05:32

Health: -13/40     AC:  7    Str: 23    XL:     4   Next: 5%
Magic:  3/3        EV:  9    Int:  5    God:
Gold:   83         SH:  4    Dex:  9    Spells: 3/3 levels left

rFire   . . .      SeeInvis .   g - +0 whip
rCold   . . .      Faith    .   c - +0 buckler
rNeg    . . .      Spirit   .   b - +0 scale mail
rPois   .          Reflect  .   (helmet restricted)
rElec   .          Harm     .   (no cloak)
rCorr   .          Rampage  .   (no gloves)
Will    .....                   (no boots)
Stlth   ..........              (no amulet)
HPRegen 0.13/turn               (no ring)
MPRegen 0.08/turn               (no ring)

@: no status effects
A: horns 2, retaliatory headbutt
a: no special abilities


You were on level 2 of the Dungeon.
You visited 1 branch of the dungeon, and saw 2 of its levels.

You collected 83 gold pieces.

Inventory:

Hand Weapons
 a - a +0 flail
 g - a +0 whip (weapon)
 o - a +0 mace
Missiles
 i - 30 stones (quivered)
 k - 4 boomerangs
Armour
 b - a +0 scale mail (worn)
 c - a +0 buckler (worn)
Scrolls
 e - 2 scrolls of poison {unknown}
 h - a scroll of amnesia {unknown}
 j - a scroll of immolation {unknown}
 l - a scroll of noise {unknown}
 m - a scroll of vulnerability {unknown}
Potions
 d - a potion of might
 f - a potion of degeneration {unknown}
 n - a potion of ambrosia {unknown}


   Skills:
 - Level 4.0 Fighting
 - Level 5.0 Maces & Flails
 + Level 3.7 Armour
 - Level 3.6 Shields


You had 3 spell levels left.
You didn't know any spells.
Your spell library contained the following spells:

 Spells                   Type           Power      Damage    Failure   Level
 Apportation              Tloc           0%         N/A       86%         1
 Necrotise                Necr           0%         1d4       86%         1
 Summon Small Mammal      Summ           0%         N/A       86%         1


Dungeon Overview and Level Annotations

Branches:
Dungeon (2/15)

Altars:

Annotations:
D:2 Terence


Innate Abilities, Weirdness & Mutations

You have a pair of horns on your head.
You reflexively headbutt those who attack you in melee.


Message History

A ball python comes into view.
Things that are here:
a +0 whip; 5 stones The ball python hisses angrily.
You whack the ball python!
You kill the ball python!
i - 30 stones (gained 7)
Found a mace.
Terence, an endoplasm and a kobold come into view.
Terence is wielding a +0 mace, wearing a +2 ring mail of cold resistance and carrying a wand of light (7).
Found a stone staircase leading up.
Terence shouts!
The endoplasm quivers.
The kobold shouts!
The kobold throws a stone.
You block the stone.
You see here a +0 mace.
o - a +0 mace Terence zaps a wand.
The bolt of light hits you.
You are confused.
You're too confused to move!
Terence zaps a wand.
The bolt of light hits you!!
Ouch! That really hurt!
* * * LOW HITPOINT WARNING * * *
You feel less confused.
The kobold throws a stone.
You block the stone. The endoplasm attacks as you move away!
The endoplasm hits you but does no damage.
Terence zaps a wand.
The bolt of light hits the endoplasm!
The endoplasm dies!
The bolt of light hits you!
You are confused.
* * * LOW HITPOINT WARNING * * *
You're too confused to move!
You bump into the rock wall.
The kobold throws a stone.
The stone hits you.
* * * LOW HITPOINT WARNING * * *
You bump into the rock wall.
You feel less confused.
Terence zaps a wand.
The bolt of light misses you.
A giant cockroach comes into view.
Terence zaps a wand.
The bolt of light hits you!
You die...

..... .#..## .
....###. #. ......
.. ..#.. #.###
########.#.# ....
.......#<#.###..#
.......#)#.#....#
.....#.@..B...#
...#......#.#######
##.#.#..@## #<....#
#......##K# .....
#......##.# ...
#.........##.##
#......##.....#
##+##+####....#
#....#


You could see Terence, a giant cockroach and a kobold.

Vanquished Creatures
  2 worms (D:1)
  2 bats (D:1)
  7 endoplasms (D:1)
  11 giant cockroaches (D:1)
  6 hobgoblins (D:1)
  5 jackals (D:1)
  3 quokkas (D:1)
  4 ball pythons
  4 goblins (D:1)
  6 kobolds
  5 rats (D:1)
55 creatures vanquished.

Vanquished Creatures (others)
  An endoplasm (D:2)
1 creature vanquished.

Grand Total: 56 creatures vanquished

Notes
Turn   | Place    | Note
-------+----------+-------------------------------------------
     0 | D:1      | RevDB the Minotaur Fighter began the quest for the Orb.
     0 | D:1      | Reached XP level 1. HP: 19/19 MP: 0/0
     1 | D:1      | Found a runed translucent door.
    44 | D:1      | Found a faded altar of an unknown god.
    64 | D:1      | Reached XP level 2. HP: 27/27 MP: 1/1
    66 | D:1      | Reached skill level 3 in Maces & Flails
   316 | D:1      | Reached XP level 3. HP: 33/33 MP: 2/2
   346 | D:1      | Reached skill level 4 in Maces & Flails
   513 | D:1      | Reached XP level 4. HP: 13/40 MP: 3/3
   515 | D:1      | Reached skill level 5 in Maces & Flails
   735 | D:2      | Noticed Terence
   751 | D:2      | Killed from afar by Terence

Illustrated notes

Levels and vault maps discovered:
D:1:      dpeg_arrival_caged_fury, layout_rooms, ebering_ecumenical_altar_webs
D:2:      layout_basic, columned_hall_lemuel, kennysheep_small_spiral,
          uniq_terence

Skill      XL: |  1  2  3  4 |
---------------+-------------+-----
Fighting       | 4 |  4.0
Maces & Flails | 3 4 5 |  5.0
Armour         | |  3.7
Shields        | |  3.6

Action                   |  1- 3 |  4- 6 || total
-------------------------+-------+-------++-------
Melee: Flail             |    22 |       ||    22
       Headbutt          |    28 |     1 ||    29
       Whip              |   113 |     3 ||   116
Armor: Scale mail        |    48 |     1 ||    49
Dodge: Dodged            |    52 |     1 ||    53
Block: Buckler           |    31 |     2 ||    33

Table legend: (Time is in decaauts)
 A = Elapsed time spent in this place.
 B = Non-inter-level travel time spent in this place.
 C = Inter-level travel time spent in this place.
 D = Time resting spent in this place.
 E = Time spent auto-exploring this place.
 F = Levels seen in this place.
 G = Mean time per level.
                   A        B        C        D        E       F      G
               +--------+--------+--------+--------+--------+-----+--------+
         Total |    749 |    749 |      0 |    200 |     71 |   2 |  374.5 |
       Dungeon |    749 |    749 |      0 |    200 |     71 |   2 |  374.5 |
               +--------+--------+--------+--------+--------+-----+--------+

Top non-repeatable levels by time:
     D:1: 717 daAuts
     D:2: 31 daAuts
